 Dungeon Crawl Stone Soup version 0.27-a0-1116-g91b3acb402 (webtiles) character file.

Game seed: 15022564720210502187

2933 voltaire321 the Spear-Bearer (level 9, -10/71 HPs)
             Began as a Merfolk Gladiator on May 2, 2021.
             Was an Initiate of Fedhas.
             Mangled by an orc warrior
             ... wielding a +0 flail
              (14 damage)
             ... on level 6 of the Dungeon.
             The game lasted 00:17:51 (6146 turns).

voltaire321 the Spear-Bearer (Merfolk Gladiator)    Turns: 6146, Time: 00:17:51

Health: -10/71     AC: -3    Str: 14    XL:     9   Next: 80%
Magic:  9/9        EV: 17    Int:  8    God:    Fedhas [......]
Gold:   318        SH:  0    Dex: 18    Spells: 8/8 levels left

rFire    . . .     SeeInvis .   a - +2 trident (spect)
rCold    . . .     Faith    .   (no shield)
rNeg     . . .     Spirit   .   b - +2 leather armour {Will+}
rPois    .         Reflect  .   z - +2 hat {Stlth+}
rElec    .         Harm     .   (no cloak)
rCorr    .         Rampage  .   m - +0 pair of gloves
Will     +....                  (no boots)
Stlth    ++........             (no amulet)
HPRegen  0.21/turn              (no ring)
MPRegen  0.11/turn              (no ring)

@: corroded
A: (nimble swimmer 2), mertail
a: Renounce Religion


You were on level 6 of the Dungeon.
You worshipped Fedhas.
Fedhas was noncommittal.
You visited 2 branches of the dungeon, and saw 8 of its levels.

You collected 318 gold pieces.

Inventory:

Hand Weapons
 a - a +2 spectral trident (weapon)
 y - the +6 long sword "Miren" {elec, rF- Will++ rCorr Dex+2}
   (You found it on level 7 of the Dungeon)

   Occasionally, upon striking a foe, it can discharge electrical energy and
   cause terrible harm.
   It affects your dexterity (+2).
   It makes you vulnerable to fire.
   It protects you from acid and corrosion.
   It greatly increases your willpower.
Missiles
 d - 3 throwing nets
 p - 52 poisoned darts (quivered)
 v - 7 curare-tipped darts
Armour
 b - a +2 leather armour of willpower (worn)
 i - a +0 scale mail of poison resistance
 m - a +0 pair of gloves (worn)
 z - a +2 hat of stealth (worn)
Jewellery
 e - a ring of see invisible
 t - a ring of flight
Wands
 l - a wand of polymorph (7)
 o - a wand of charming (23)
 q - a wand of mindburst (17)
Scrolls
 c - a scroll of vulnerability {unknown}
 k - a scroll of amnesia
 s - 3 scrolls of identify
 u - 3 scrolls of teleportation
 x - a scroll of fear {unknown}
Potions
 f - a potion of resistance
 g - 3 potions of curing {unknown}
 h - 2 potions of ambrosia {unknown}
 j - a potion of mutation {unknown}
 n - 3 potions of lignification
 r - 2 potions of attraction {unknown}
 w - a potion of might {unknown}


   Skills:
 + Level 6.9 Fighting
 + Level 9.6 Polearms
 + Level 6.2 Throwing
 + Level 4.1 Armour
 + Level 8.8 Dodging
 + Level 0.8 Invocations


You had 8 spell levels left.
You didn't know any spells.
Your spell library contained the following spells:

 Spells                   Type           Power      Damage    Failure   Level
 Beastly Appendage        Tmut           0%         N/A       47%         1
 Sting                    Tmut/Pois      0%         1d3       47%         1
 Poisonous Vapours        Pois/Air       0%         N/A       63%         2
 Wereblood                Tmut           0%         N/A       63%         2
 Confusing Touch          Hex            0%         N/A       85%         3
 Gell's Gravitas          Tloc           0%         N/A       85%         3
 Ignite Poison            Fire/Tmut/Pois 0%         N/A       85%         3
 Mephitic Cloud           Conj/Pois/Air  0%         N/A       85%         3
 Spider Form              Tmut/Pois      0%         N/A       85%         3
 Ice Form                 Ice/Tmut       0%         N/A       99%         4
 Olgreb's Toxic Radiance  Pois           0%         N/A       99%         4
 Petrify                  Tmut/Erth      0%         N/A       99%         4
 Hydra Form               Tmut           0%         N/A       100%        5
 Metabolic Englaciation   Hex/Ice        0%         N/A       100%        5
 Yara's Violent Unravell  Hex/Tmut       0%         3d3       100%        5


Dungeon Overview and Level Annotations

Branches:
Dungeon (7/15)             Temple (1/1) D:7

Altars:
Fedhas
Gozag
Okawaru
Sif Muna
Wu Jian
Yredelemnul
The Shining One
Beogh


Innate Abilities, Weirdness & Mutations

((You are quick and stealthy near water. (Stealth+, EV+, Speed+++)))
Your lower body shifts to a powerful aquatic tail in water.


Message History

Your spectral weapon barely misses the orc warrior.
The orc warrior misses you.
You puncture the orc warrior!
The orc warrior is moderately wounded.
Your spectral weapon barely misses the orc warrior.
The rust devil hits your spectral weapon.
Your spectral weapon shares its damage with you!
The orc warrior hits you with a +0 flail!
You barely miss the orc warrior.
The orc warrior is moderately wounded.
Your spectral weapon hits the orc warrior but does no damage.
The orc warrior completely misses you. The rust devil hits you!
The rust devil corrodes you!
You closely miss the orc warrior.
The orc warrior is moderately wounded.
The rust devil hits you. The rust devil corrodes you!
The orc warrior hits you with a +0 flail!
You hit the orc warrior.
The orc warrior is heavily wounded.
The rust devil misses you. The rust devil closely misses you.
You hit the orc warrior.
The orc warrior is heavily wounded.
The orc warrior completely misses you. The rust devil barely misses you.
You hit the orc warrior.
The orc warrior is heavily wounded.
The rust devil completely misses you.
The orc warrior hits you with a +0 flail!
The rust devil misses you.
You hit the orc warrior but do no damage.
The orc warrior is heavily wounded.
The rust devil hits you. The rust devil corrodes you!
The orc warrior hits you with a +0 flail!!
* * * LOW HITPOINT WARNING * * *
The rust devil misses you. The rust devil hits you!
* * * LOW HITPOINT WARNING * * *
The rust devil corrodes you!
The orc warrior hits you with a +0 flail!
You die...
Fedhas appreciates your contribution to the ecosystem.

############...# #..##.
##.########.#.# #..#..
#.............### #..#.8
##.####...###...## #..#.. #.#
#..### ###..# #..#..
#.###.##)#+#§##.## #..#.8
#.##..#♣.....♣#..# #..#..
#.##.##......4##.# #..#.. #.##.#
...8..o@#.# #..#.8
#.#..##......4##.#########..#..
#.#...#♣.....♣#.............#..
#.....##)#+#)##..#########.##..
##..#...### ###...##........##..
##...#.....###...#.##.#########.8
.....###.........#.##.# #....###
##...#...##.##...#.##.# #.######
###.#.####.####.#.##.# #.# #[


You could see 2 rust devils and an orc warrior.

Vanquished Creatures
  Prince Ribbit (D:5)
  A water moccasin (D:7)
  3 orc warriors (D:6)
  A sky beast (D:6)
  An ice beast (D:6)
  Duvessa (D:5)
  3 necrophages
  An ogre (D:3)
  2 centaurs
  A scorpion (D:5)
  A bullfrog (D:3)
  A wyvern skeleton (D:7)
  Dowan (D:5)
  A water moccasin zombie (D:6)
  2 water moccasin skeletons
  5 wights (D:6)
  3 howler monkeys (D:7)
  A centaur zombie (D:6)
  A centaur skeleton (D:5)
  3 jellies
  3 orc priests
  2 bullfrog skeletons (D:6)
  4 hounds
  4 iguanas
  3 orc wizards (D:6)
  A howler monkey zombie (D:6)
  3 gnolls (D:6)
  6 adders
  A shadow imp (D:5)
  2 white imps
  An ufetubus (D:5)
  An adder skeleton (D:4)
  3 worms
  A dart slug (D:1)
  28 orcs
  4 ball pythons
  5 bats
  9 endoplasms
  3 giant cockroaches
  4 hobgoblins
  11 jackals
  6 kobolds
  4 quokkas
  2 frilled lizards (D:1)
  8 goblins
  6 rats
159 creatures vanquished.

Notes
Turn   | Place    | Note
-------+----------+-------------------------------------------
     0 | D:1      | voltaire321 the Merfolk Gladiator began the quest for the
                  | Orb.
     0 | D:1      | Reached XP level 1. HP: 16/16 MP: 1/1
   227 | D:1      | Reached XP level 2. HP: 21/23 MP: 2/2
   471 | D:1      | Reached XP level 3. HP: 22/28 MP: 3/3
   695 | D:1      | Reached skill level 5 in Polearms
  1416 | D:2      | Reached XP level 4. HP: 34/34 MP: 4/4
  1915 | D:3      | Found an iron altar of Okawaru.
  2086 | D:3      | Noticed a bullfrog
  2115 | D:3      | Reached skill level 5 in Dodging
  2115 | D:3      | Reached XP level 5. HP: 22/41 MP: 5/5
  2125 | D:3      | Reached skill level 1 in Armour
  2474 | D:3      | Reached XP level 6. HP: 47/47 MP: 6/6
  2498 | D:3      | Found a faded altar of an unknown god.
  2583 | D:3      | Reached skill level 6 in Polearms
  2601 | D:3      | Found an ornate altar of the Wu Jian Council.
  2826 | D:4      | Noticed a necrophage
  2832 | D:4      | Killed a necrophage
  2853 | D:4      | Reached XP level 7. HP: 51/54 MP: 7/7
  3062 | D:4      | Identified the +1 robe "Hephar" {Dex+3}
  3393 | D:4      | Found a glowing golden altar of the Shining One.
  3559 | D:5      | Entered Level 5 of the Dungeon
  3564 | D:5      | Noticed Prince Ribbit
  3577 | D:5      | Reached skill level 7 in Polearms
  3578 | D:5      | Noticed Duvessa
  3583 | D:5      | Noticed Dowan
  3588 | D:5      | Killed Duvessa
  3741 | D:5      | Killed Dowan
  3742 | D:5      | Reached XP level 8. HP: 56/61 MP: 8/8
  3751 | D:5      | Killed Prince Ribbit
  3752 | D:5      | Reached skill level 5 in Fighting
  4330 | D:6      | Reached skill level 8 in Polearms
  4435 | D:6      | Reached skill level 5 in Throwing
  4686 | D:6      | Reached XP level 9. HP: 58/69 MP: 9/9
  4850 | D:6      | Found a runed translucent door.
  5307 | D:6      | Reached skill level 9 in Polearms
  5945 | D:7      | Found a staircase to the Ecumenical Temple.
  5957 | Temple   | Entered the Ecumenical Temple
  5971 | Temple   | Became a worshipper of Fedhas Madash
  5992 | D:7      | Identified the +6 long sword "Miren" {elec, rF- Will++
                  | rCorr Dex+2}
  6134 | D:6      | Noticed a rust devil
  6134 | D:6      | Noticed a rust devil
  6146 | D:6      | Mangled by an orc warrior

Illustrated notes

Levels and vault maps discovered:
D:1:      kilobyte_arrival_exit_the_forest, layout_rooms, serial_glass,
          glass_columns_a, glass_columns_a
D:2:      layout_rooms, kennysheep_generic_room_12
D:3:      layout_rooms, nicolae_wu_jian_wuxing_cycle, okawaru_gym_becter,
          shapermc_ecumenical_altar_mp_highgroup
D:4:      layout_basic, nicolae_tso_carved_into_rock, serial_curves,
          eino_curves_01, eino_curves_01, eino_curves_02, eino_curves_03,
          lemuel_another_geyser
D:5:      layout_rooms, uniq_prince_ribbit1, uniq_duvessa
D:6:      cheibrodos_iron_armory, layout_loops_ring, lightli_church_of_beogh
D:7:      layout_gridville, minmay_temple_entry_glassed_door, grunt_tough_drop
Temple:   regret_index_temple_waves

Skill      XL: |  1  2  3  4  5  6  7  8  9 |
---------------+----------------------------+-----
Polearms       | 5 6 7 8 9 |  9.6
Fighting       | 3 4 5 6 |  6.9
Throwing       | 3 4 5 6 |  6.2
Dodging        | 5 6 7 8 |  8.8
Armour         | 1 2 3 4 |  4.1
Invocations    | |  0.8

Action                   |  1- 3 |  4- 6 |  7- 9 || total
-------------------------+-------+-------+-------++-------
Melee: Trident           |   117 |   118 |   197 ||   432
Throw: Dart              |       |     6 |       ||     6
  Use: Scroll            |       |     7 |     6 ||    13
 Stab: Distracted        |       |       |     6 ||     6
       Sleeping          |       |       |     5 ||     5
Armor: Leather armour    |    18 |       |    11 ||    29
       Ring mail         |     1 |    48 |     9 ||    58
Dodge: Dodged            |    55 |    76 |    79 ||   210

Table legend: (Time is in decaauts)
 A = Elapsed time spent in this place.
 B = Non-inter-level travel time spent in this place.
 C = Inter-level travel time spent in this place.
 D = Time resting spent in this place.
 E = Time spent auto-exploring this place.
 F = Levels seen in this place.
 G = Mean time per level.
                   A        B        C        D        E       F      G
               +--------+--------+--------+--------+--------+-----+--------+
         Total |   6124 |   5933 |    191 |   1580 |   2979 |   8 |  765.5 |
       Dungeon |   6096 |   5905 |    191 |   1580 |   2967 |   7 |  870.9 |
        Temple |     27 |     27 |      0 |      0 |     12 |   1 |   27.0 |
               +--------+--------+--------+--------+--------+-----+--------+

Top non-repeatable levels by time:
     D:6: 1291 daAuts
     D:1: 1012 daAuts
     D:2: 903 daAuts
     D:3: 896 daAuts
     D:4: 894 daAuts
     D:5: 615 daAuts
     D:7: 483 daAuts
  Temple: 27 daAuts
